Map: Lightshade LE

Players

christsaved

  • Race: Zerg Zerg
  • League: Diamond
  • Spawn Location: 5:00

Pumba - Winner!

  • Race: Zerg Zerg
  • League: Diamond
  • Spawn Location: 11:00

VOD

Have the link to the VOD?

Description

Time

  • Played on: Aug. 24, 2021, 6:34 p.m.
  • Length: 6:17
Show
View Real Time Build Order
Export as new Build Order

christsaved Zerg 

Build Orders: Hatch First 

Get SALT Encoding   

  12  0:00  Drone  
  13  0:12  Overlord  
  13  0:17  Drone  
  14  0:30  Drone x2  
  16  0:48  Hatchery  
  15  0:50  Drone  
  15  0:54  Drone  
  15  0:56  Drone  
  18  1:05  Extractor  
  17  1:11  Spawning Pool  
  17  1:15  Drone  
  17  1:18  Drone  
  18  1:28  Drone  
  19  1:50  Drone  
  19  1:52  Overlord  
  20  2:00  Queen x2  
  20  2:01  Zergling x2  
  25  2:02  Drone  
  26  2:11  Zergling x2, Spine Crawler  
  26  2:12  Zergling x2  
  27  2:16  Metabolic Boost  
  27  2:24  Overlord  
  27  2:35  Overlord  
  27  2:36  Zergling x4  
  29  2:49  Zergling x4  
  31  2:59  Drone x2  
  31  3:04  Baneling Nest, Drone  
  33  3:12  Drone x4  
  37  3:13  Drone  
  38  3:22  Drone x2  
  40  3:37  Hatchery  
  39  3:42  Drone x2  
  40  3:48  Drone  
  40  3:49  Drone x2  
  40  3:54  Overlord  
  43  4:00  Zergling x8  
  43  4:02  Zergling x2  
  43  4:09  Overlord, Evolution Chamber  
  42  4:10  Zergling x2  
  42  4:17  Baneling x3  
  43  4:18  Zergling x4  
  43  4:20  Baneling x4  
  45  4:27  Drone x4  
  44  4:40  Drone  
  44  4:41  Drone x3  
  46  4:51  Zergling x2  
  47  4:58  Hatchery  
  47  4:59  Zergling x8  
  50  5:03  Queen, Drone  
  50  5:04  Queen  
  55  5:07  Overlord  
  55  5:17  Zergling x2  
  55  5:18  Zergling x4  
  58  5:28  Zergling x4  
  58  5:29  Zergling x6  
  62  5:40  Zergling x2  
  62  5:41  Zergling x2  
  51  5:47  Zergling x6  
  42  5:50  Zergling x2  
Show
View Real Time Build Order
Export as new Build Order

Pumba Zerg - Winner!

Build Orders: Pool First, Zergling Baneling 

Get SALT Encoding   

  12  0:00  Drone  
  13  0:12  Overlord  
  13  0:18  Drone  
  14  0:31  Drone x2  
  16  0:35  Drone  
  17  0:45  Spawning Pool  
  17  0:47  Drone  
  17  1:08  Hatchery  
  16  1:12  Drone  
  16  1:17  Extractor  
  16  1:18  Drone  
  16  1:21  Drone  
  18  1:28  Drone  
  18  1:31  Queen  
  21  1:39  Zergling x2  
  22  1:49  Overlord  
  22  2:07  Queen  
  22  2:08  Drone  
  25  2:14  Drone  
  26  2:17  Metabolic Boost  
  26  2:23  Drone  
  26  2:24  Drone  
  28  2:33  Drone x2  
  30  2:41  Drone x2  
  30  2:43  Hatchery  
  30  2:51  Zergling x2  
  30  2:52  Zergling x4  
  30  2:57  Baneling Nest  
  32  3:02  Zergling x2  
  32  3:03  Zergling x2  
  34  3:12  Overlord  
  34  3:25  Zergling x4  
  34  3:27  Overlord  
  36  3:31  Zergling x12  
  42  3:43  Zergling x4  
  42  3:46  Baneling  
  44  3:52  Zergling x2  
  44  3:55  Zergling x12  
  51  4:11  Baneling x2  
  51  4:12  Baneling x3  
  51  4:13  Baneling x3  
  51  4:14  Baneling  
  50  4:20  Zergling x2  
  50  4:21  Zergling x14  
  50  4:23  Baneling  
  55  4:40  Baneling x2  
  55  4:44  Zergling x6  
  57  4:49  Baneling  
  57  5:02  Overlord x2  
  56  5:12  Baneling  
  56  5:16  Baneling x2  
  56  5:20  Drone x12, Extractor  
  56  5:21  Extractor  
  66  5:33  Zergling x8  
  68  5:42  Baneling x3  
  65  5:48  Zergling x16  
Tags
 
Add a new tag
Caveats
  • Supply blocks, unpowered buildings, or Contaminate may cause inaccurate times.
  • Supply counts are checked every 10 seconds.